[Event "*** Titled Tuesday 3|2 Blitz"]
[Site "Chess.com"]
[Date "2016.06.07"]
[Round "4"]
[White "ShimanovAlex"]
[Black "theprosecution1"]
[Result "1-0"]
[WhiteElo "2655"]
[BlackElo "2444"]
[TimeControl "180+2"]
[EndTime "11:50:08 PDT"]
[Termination "ShimanovAlex won by resignation"]

1. d4 Nf6 2. Nf3 e6 3. Bf4 b6 4.
e3 Bb7 5. Nbd2 c5 6. Nc4 Be7 7. Nd6+ Bxd6 8. Bxd6 Ne4 9. dxc5 bxc5 10. Ne5 Nc6 11. Nc4 Na5 12. Na3 Qb6 13. Nb5 Nxd6 14.
Qxd6 Qxd6 15. Nxd6+ Ke7 16. Nxb7 Nxb7 17. e4 Nd6 18. f3 f5 19. e5 Nf7 20. f4 d6 21.
exd6+ Nxd6 22. Be2 Rad8 23. O-O-O h6 24. h4 Ne4 25. Rxd8 Rxd8 26. Rh3 Rd2 27. Re3 Rd7 28. Ra3 Kf6 29. Ra6 g5 30. hxg5+ hxg5 31. fxg5+ Nxg5 32. Bc4 Ke5 33. b3 Re7 34. Rc6 Ne4 35. a4 Kd4 36. a5 Rg7 37. Rxe6 Kc3 38. Bf1 Rh7 39. Re5 Rh1 40. Rxf5 Ng3 41. Rf3+ Kb4 42. Rxg3 Rxf1+ 43. Kb2 Kxa5 44. Rg6 Rf2 45. g4 a6 46. Kc3 Kb5 47. g5 Rf3+ 48. Kb2 Rg3 49. Rg8 Kb6 50. Ka3 Rg2 51. c4 Rg1 52. Kb2 Rg2+ 53. Ka3 Rg3 54. g6 Kb7 55. g7 Rg1 56. Kb2 Rg3 57. Ka3 Rg1 58. b4 Rg3+ 59. Ka4 cxb4 60. Kxb4 Rg4 61. Kc3 Rg5 62. Kd4 a5 63. c5 Rg6 64. c6+ 1-0

[Event "*** Titled Tuesday 3|2 Blitz"]
[Site "Chess.com"]
[Date "2016.06.07"]
[Round "4"]
[White "talaicito"]
[Black "Abdodi"]
[Result "0-1"]
[WhiteElo "1952"]
[BlackElo "1988"]
[TimeControl "180+2"]
[EndTime "11:50:17 PDT"]
[Termination "Abdodi won by checkmate"]

1. e4 c6 2. Bc4 d5 3. Bb3 dxe4 4. Qh5 g6 5. Qh4 Nf6 6. Nc3 Bg7 7. f3 O-O 8. fxe4 Nbd7 9. Nf3 Nc5 10. d4 Nxb3 11. axb3 Bg4 12. Be3 Bxf3 13. gxf3 Nh5 14. Rd1 e5 15. Qxd8 Raxd8 16. d5 cxd5 17. Nxd5 b6 18. Ra1 Rd7 19. Ke2 f5 20. Ra6 Nf6 21. Nxf6+ Bxf6 22.
Rha1 Rc8 23. c3 Rcc7 24. b4 Kg7 25. Rg1 fxe4 26. fxe4 Rf7 27. Rga1 Bd8 28. Rd1 Bh4 29.
Rd5 Bf6 30. Kd2 g5 31. b3 h5 32. c4 g4 33. c5 bxc5 34. bxc5 h4 35. b4 g3 36.
hxg3 h3 37. b5 Kg8 38. Ra1 Rh7 39. Rh1 Rcg7 40. Bf2 Rb7 41. b6 axb6 42. cxb6 Kf7 43. Kc3 Ke6 44. Kb4 Rh8 45. Kb5 Rbb8 46. Rc5 Be7 47.
Rc6+ Kf7 48. Rc7 Ke6 49. Kc6 Bd8 50. Rb7 Rc8+ 51. Kb5 Rc2 52. Bc5 Bg5 53. Rg7 Bd2 54.
b7 Rb8 55. Ba7 Rb2+ 56. Ka6 Ra2+ 57. Kb6 Be3+ 58. Kc7 Bxa7 59. Rxh3 Rc2# 0-1

[Event "*** Titled Tuesday 3|2 Blitz"]
[Site "Chess.com"]
[Date "2016.06.07"]
[Round "4"]
[White "Elshan1985"]
[Black "severomorskij"]
[Result "0-1"]
[WhiteElo "2600"]
[BlackElo "2602"]
[TimeControl "180+2"]
[EndTime "11:50:22 PDT"]
[Termination "severomorskij won by resignation"]

1. Nf3 c5 2. c4 Nc6 3. Nc3 e5 4. e3 Nf6 5. d4 cxd4 6. exd4 e4 7.
Ne5 Bb4 8. Be2 Qa5 9. Nxc6 Bxc3+ 10. bxc3 dxc6 11. O-O O-O 12. Qb3 Qf5 13. h3 Qg6 14.
Kh2 b6 15. a4 Be6 16. Qb4 Rac8 17. Be3 Nd7 18. Qd6 Rfd8 19. a5 h6 20. axb6 axb6 21.
Qf4 Nf6 22. Rfc1 b5 23. d5 cxd5 24. cxb5 Rb8 25. Bd4 Nh5 26. Qe5 Nf6 27. Ra6 Re8 28. Qf4 Nh5 29. Bxh5 Qxh5 30. b6 e3 31. Bxe3 Qg6 32.
Rca1 Bf5 33. Qg3 Qc6 34. Bd4 Bg6 35. b7 Qd7 36. Rd6 Qe7 37. Rxd5 Rxb7 38. Re5 Qf8 39. Rxe8 Qxe8 40. h4 h5 41. Ra5 Rb5 42. Ra7 Rd5 43.
Rb7 Rd7 44. Rb8 Rd8 45. Rb7 Qc6 46. Qe5 f6 47. Qe7 Qd6+ 48. Qxd6 Rxd6 49. Kg3 Be4 50. Re7 Bd5 51. f3 Rc6 52. Kf4 Bb3 53. Rb7 Bc2 54. Ke3 Kh7 55. g4 hxg4 56. fxg4 Kg6 57. h5+ Kh6 58. Kd2 Be4 59. Be3+ Kh7 60. h6 Rd6+ 61.
Kc1 Bxb7 0-1

[Event "*** Titled Tuesday 3|2 Blitz"]
[Site "Chess.com"]
[Date "2016.06.07"]
[Round "4"]
[White "bilelou"]
[Black "SCIM"]
[Result "1/2-1/2"]
[WhiteElo "2172"]
[BlackElo "2262"]
[TimeControl "180+2"]
[EndTime "11:50:48 PDT"]
[Termination "Game drawn - insufficient material"]

1. b3 e5 2. Bb2 Nc6 3. e3 Nf6 4. Bb5 Bd6 5. Na3 a6 6. Bxc6 dxc6 7. Nc4 Qe7 8. Ne2 b5 9. Nxd6+ cxd6 10. O-O O-O 11. f4 e4 12. Qe1 h6 13. f5 Bd7 14. h3 Kh8 15. Qg3 Rg8 16. Rae1 Nh7 17.
Nf4 Bxf5 18. Nd5 cxd5 19. Rxf5 Rac8 20. Ref1 f6 21. Bc3 d4 22. exd4 e3 23. Re1 Qd7 24.
Rf3 exd2 25. Rd1 Ng5 26. Re3 d5 27. Bxd2 Ne4 28. Qg6 Rxc2 29. Bb4 Qe8 30. Qf5 Rxa2 31. Qxd5 f5 32. Qxf5 Nd6 33. Qf4 Qc6 34. Rg3 Ne4 35.
Rg4 Nf6 36. Rg6 Qc2 37. Rd2 Qxg6 38. Rxa2 Qb1+ 39. Kh2 Qxa2 40. Bd6 Qxb3 41. Be5 Qe6 42. g4 Nd5 43. Qe4 Rf8 44. Bxg7+ Kxg7 45. Qxe6 Nf4 46. Qxa6 Rf7 47. Qxb5 Ng6 48. d5 Kf6 49. Qb2+ Ne5 50. d6 Rd7 51. Qd4 Ke6 52. Qe3 Rxd6 53. Qxh6+ Kd5 54. Qd2+ Ke6 55. Qe2 Rd2 56. Qxd2 Nf3+ 57. Kg3 Nxd2 58. g5 Kf5 59. h4 Ne4+ 60. Kf3 Nxg5+ 61.
hxg5 Kxg5 1/2-1/2

[Event "*** Titled Tuesday 3|2 Blitz"]
[Site "Chess.com"]
[Date "2016.06.07"]
[Round "4"]
[White "Abrito99"]
[Black "Fandorine"]
[Result "0-1"]
[WhiteElo "2399"]
[BlackElo "2580"]
[TimeControl "180+2"]
[EndTime "11:50:50 PDT"]
[Termination "Fandorine won by resignation"]

1. e4 c6 2. Nf3 d5 3. Nc3 Bg4 4. h3 Bxf3 5. Qxf3 Nf6 6. d3 e6 7.
g4 Bc5 8. Bg2 Nbd7 9. Qg3 Qb8 10.
Bf4 e5 11. Bd2 d4 12. Ne2 Qd6 13. f4 Bb4 14. Rd1 Bxd2+ 15. Rxd2 exf4 16. Qxf4 Qxf4 17. Nxf4 Ne5 18. O-O Ke7 19. g5 Nfd7 20. Ne2 c5 21. Ng3 g6 22. Rdf2 h6 23. gxh6 Rxh6 24. c3 Rh7 25.
Rd2 Rd8 26. Ne2 Nc6 27. Rc1 Nde5 28. cxd4 Nxd4 29. Nxd4 cxd4 30. Rc5 Ke6 31. Kf2 Rhh8 32. Kg3 Rc8 33. Rdc2 Rxc5 34. Rxc5 Nxd3 35. Rd5 Ne5 36. Rxd4 Rc8 37. Rb4 b6 38. Ra4 a5 39. Bf1 Rc1 40.
Be2 Rc2 41. Bd1 Rxb2 42. Bb3+ Ke7 43. Rd4 Re2 44. Kf4 f6 45. Rd5 Rf2+ 46. Kg3 Rf3+ 47. Kg2 Re3 48. Rb5 Rxe4 49. Rxb6 a4 50. Rb7+ Kd6 51. Bg8 f5 52. Rb6+ Kc5 53. Rb7 Re2+ 54.
Kg3 Re4 55. Rc7+ Kd6 56. Rg7 f4+ 57. Kg2 Re3 58. Ra7 a3 59. Ra6+ Kc5 60. Re6 g5 61. Rf6 Rg3+ 62. Kf2 Nd3+ 63. Ke2 Rxh3 64. Rf5+ Kd4 65.
Rd5+ Ke4 66. Rxd3 Rh2+ 0-1

[Event "*** Titled Tuesday 3|2 Blitz"]
[Site "Chess.com"]
[Date "2016.06.07"]
[Round "4"]
[White "vovkcoach"]
[Black "Journey_to_GrandMaster_YT"]
[Result "1-0"]
[WhiteElo "2500"]
[BlackElo "2342"]
[TimeControl "180+2"]
[EndTime "11:50:50 PDT"]
[Termination "vovkcoach won by resignation"]

1. e4 d6 2. d4 Nf6 3. Nc3 e5 4. Nf3 Nbd7 5. Bc4 Be7 6. O-O O-O 7. Re1 c6 8. a4 a5 9. b3 exd4 10. Qxd4 Ne5 11. Be2 Qc7 12. Bf4 Nfd7 13. Rad1 Bf6 14. Qe3 Re8 15. Nd4 Nc5 16. Bg5 Qe7 17. Bxf6 Qxf6 18. Qg3 Ng6 19. Bc4 h5 20. f3 h4 21.
Qf2 Nf4 22. Nde2 Ng6 23. Qd4 Qg5 24. Qd2 Qxd2 25. Rxd2 Ne5 26. Rxd6 h3 27. Nf4 hxg2 28. Kxg2 Nxc4 29. bxc4 Ne6 30. Nxe6 Bxe6 31. c5 Kf8 32. f4 g6 33. h4 Kg7 34. Kg3 Rh8 35. Rb1 Rab8 36. Ne2 Rh5 37. e5 Bd5 38. Nc3 Rbh8 39. Nxd5 Rxh4 40. Ne3 Rh3+ 41. Kf2 Rh2+ 42. Ng2 R8h4 43.
Rf6 Rg4 44. Rg1 Rh3 45. Ne1 Rgh4 46. Nf3 Rh8 47. f5 R3h6 48. fxg6 fxg6 49. Rg2 Rd8 50. Ke2 Rd5 51. Rd6 Rxc5 52. Kd2 Rh3 53. Ng5 Rhc3 54. Ne6+ Kf7 55. Nxc5 Rxc5 56. Rgxg6 Rxe5 57. Rdf6+ Ke7 58. Rf4 Rd5+ 59. Ke3 Kd7 60. Rd4 1-0

[Event "*** Titled Tuesday 3|2 Blitz"]
[Site "Chess.com"]
[Date "2016.06.07"]
[Round "4"]
[White "jeaston1"]
[Black "playerzr"]
[Result "1/2-1/2"]
[WhiteElo "2030"]
[BlackElo "1960"]
[TimeControl "180+2"]
[EndTime "11:51:08 PDT"]
[Termination "Game drawn - insufficient material"]

1. d4 Nf6 2. c4 c5 3. d5 b5 4. cxb5 a6 5. bxa6 d6 6. Nc3 g6 7. e4 Bxa6 8. Bxa6 Nxa6 9. Nf3 Bg7 10. O-O O-O 11. Qe2 Nd7 12. a4 Nb4 13. Rd1 Qa5 14. Bd2 Ne5 15. Nxe5 Bxe5 16. Be1 Rfb8 17. Nb5 Qb6 18.
Bc3 f6 19. Bxe5 fxe5 20. b3 Rc8 21. Qg4 Qb7 22. Qe6+ Kg7 23. Rdc1 Rf8 24. h3 Nd3 25.
Rf1 Rf6 26. Qg4 Raf8 27. Ra2 Rf4 28. Qg3 Nb4 29. Re2 Qd7 30. Nc3 Qc7 31. Ra1 c4 32. bxc4 Qxc4 33. a5 Nd3 34. Nd1 Nc5 35. Raa2 Rxe4 36.
Rac2 Qa4 37. Rxe4 Nxe4 38. Qd3 Nc5 39. Qe2 Qxa5 40. Ne3 Qa1+ 41. Kh2 Qa4 42. Ng4 Qf4+ 43. g3 Qa4 44. Nxe5 dxe5 45. Rxc5 Qd4 46. Rc2 e4 47.
Rd2 Qe5 48. Rd1 Rf3 49. Re1 Qf5 50. Kg2 Qxd5 51. Qxe4 Qxe4 52. Rxe4 Rf7 53. f4 Kf6 54. Kf3 e6 55. g4 h6 56. Kg3 Rb7 57. Kh4 Rb3 58.
g5+ hxg5+ 59. fxg5+ Kf5 60. Re2 Rb4+ 61. Kg3 e5 62. h4 e4 63. Rf2+ Ke5 64. Rf6 e3 65. Kf3 Rxh4 66. Rxg6 Kf5 67. Rg8 Rf4+ 68. Kxe3 Rg4 69.
Rb8 Rxg5 70. Rb5+ Kf6 71. Rxg5 Kxg5 1/2-1/2

[Event "*** Titled Tuesday 3|2 Blitz"]
[Site "Chess.com"]
[Date "2016.06.07"]
[Round "4"]
[White "josiwales"]
[Black "Zhani-Z"]
[Result "0-1"]
[WhiteElo "2120"]
[BlackElo "2225"]
[TimeControl "180+2"]
[EndTime "11:51:12 PDT"]
[Termination "Zhani-Z won by checkmate"]

1. e4 e5 2. Nf3 Nc6 3. Bc4 Bc5 4. O-O d6 5. c3 Nf6 6. d4 Bb6 7. dxe5 Nxe5 8. Nxe5 dxe5 9. Qxd8+ Kxd8 10. Bg5 Be6 11. Bxe6 fxe6 12. Nd2 Ke8 13. Rfe1 Ng4 14. Re2 c6 15. h3 Nf6 16. Nc4 Bc7 17. Rd1 Ke7 18. f4 h6 19. Bh4 Ke8 20. fxe5 Nd7 21. Nd6+ Bxd6 22. Rxd6 Nf8 23. Red2 Ng6 24. Bg3 Nf8 25. h4 g6 26. h5 g5 27. Bf2 Rh7 28.
Bc5 Rd7 29. Rf2 Rf7 30. Rfd2 Rd7 31. a4 b6 32. Ba3 c5 33. b4 cxb4 34. Bxb4 Rc8 35.
Kf2 Rf7+ 36. Ke3 Rd7 37. R2d4 Rxd6 38. exd6 Nd7 39. e5 a5 40. Ke4 axb4 41. cxb4 Rc1 42. a5 bxa5 43. bxa5 Re1+ 44. Kf3 Nxe5+ 45. Kf2 Ra1 46.
d7+ Nxd7 47. Rd6 Ke7 48. Ra6 Nc5 49. Ra7+ Kd6 50. Rh7 Rxa5 51. Rxh6 Ke5 52. Rg6 Kf5 53. Rg8 Ne4+ 54. Ke3 Ra3+ 55. Kd4 e5+ 56. Kc4 Nf6 57. Rf8 Ra1 58. g4+ Kxg4 59. h6 Ra6 60. Kb5 Re6 61. Rf7 e4 62. h7 Nxh7 63. Rxh7 e3 64. Rh1 e2 65. Re1 Kf3 66. Kc4 Kf2 67. Kd5 Kxe1 68. Kxe6 Kf2 69. Kf5 e1=Q 70. Kxg5 Qe4 71. Kf6 Qd5 72. Kg7 Qe6 73. Kf8 Qd7 74. Kg8 Kf3 75. Kh8 Kf4 76. Kg8 Kg5 77. Kf8 Kg6 78. Kg8 Qg7# 0-1

[Event "*** Titled Tuesday 3|2 Blitz"]
[Site "Chess.com"]
[Date "2016.06.07"]
[Round "4"]
[White "Newlight1"]
[Black "KamilPlichta"]
[Result "0-1"]
[WhiteElo "2171"]
[BlackElo "2360"]
[TimeControl "180+2"]
[EndTime "11:51:14 PDT"]
[Termination "KamilPlichta won by resignation"]

1. d4 Nf6 2. c4 g6 3. Nc3 Bg7 4. Nf3 d6 5. g3 O-O 6. Bg2 Nbd7 7. O-O e5 8. Bg5 exd4 9. Nxd4 h6 10. Bf4 Re8 11.
h4 Nc5 12. Qd2 Nce4 13. Nxe4 Nxe4 14. Qd3 Nc5 15. Qd2 Kh7 16. Rad1 a6 17. Qc2 Qf6 18. b4 Ne6 19. Be3 Rb8 20. Nxe6 Qxe6 21. Bd5 Qe7 22.
Bd4 Bf5 23. Qc3 Bxd4 24. Qxd4 Qe5 25. Qxe5 Rxe5 26. e3 Re7 27. Rd4 Kg7 28. Rfd1 b6 29. Kg2 a5 30. b5 Bd7 31. Rf4 Rbe8 32. Rfd4 f6 33. a4 Re5 34. R1d2 g5 35. hxg5 hxg5 36. g4 Rh8 37. Kg3 Rh6 38. Rd1 Re8 39. Rh1 Rxh1 40.
Bxh1 Re5 41. Bd5 Be8 42. Re4 Bg6 43. Rxe5 dxe5 44. e4 Kf8 45. Kf3 Ke7 46. Ke3 Kd6 47. Kd3 Kc5 48. Kc3 Be8 49. f3 Bd7 50. Bg8 c6 51.
Bf7 Bc8 52. Bg8 Bd7 53. Bf7 Kd6 54. Bg8 Kc5 55. Bf7 cxb5 56. cxb5 Bxb5 57. axb5 Kxb5 58. Kb3 Kc5 59. Ka4 Kc6 60. Be8+ Kc5 61. Bb5 Kd4 62.
Be2 Ke3 63. Bd1 Kd2 64. Bb3 Ke2 65. Kb5 Kxf3 66. Kxb6 Kxg4 67. Kxa5 Kf3 68. Kb4 Kxe4 69. Kc3 Ke3 70. Be6 e4 71. Kc2 Kf2 72. Bg4 e3 73.
Kd3 f5 74. Be2 g4 75. Bd1 g3 0-1

[Event "*** Titled Tuesday 3|2 Blitz"]
[Site "Chess.com"]
[Date "2016.06.07"]
[Round "4"]
[White "Philofive"]
[Black "Mvpag"]
[Result "1-0"]
[WhiteElo "2339"]
[BlackElo "2124"]
[TimeControl "180+2"]
[EndTime "11:51:16 PDT"]
[Termination "Philofive won by resignation"]

1. d4 d5 2. Bg5 Nf6 3. e3 e6 4. c4 Be7 5. Nc3 Nbd7 6. Nf3 b6 7. cxd5 exd5 8. Ne5 Bb7 9. Bb5 O-O 10. Nc6 Bxc6 11.
Bxc6 Rb8 12. O-O h6 13. Bh4 g5 14. Bg3 Kg7 15. Rc1 Ne4 16. Nxe4 dxe4 17. Bxe4 Bd6 18.
Bxd6 cxd6 19. Qf3 Nf6 20. Bd3 d5 21. Rc6 Rc8 22. Rfc1 Rxc6 23. Rxc6 Qe7 24. h3 Rd8 25. Qf5 Rd6 26. Rc8 Rd8 27. Rc6 Rd6 28. Rc2 a5 29. a3 Rd7 30. Qe5 Qxe5 31. dxe5 Ne4 32. Rc6 Nc5 33. Bf5 Rb7 34. e6 fxe6 35. Bxe6 Nxe6 36. Rxe6 Rd7 37. Rxb6 d4 38. exd4 Rxd4 39. g3 a4 40. Rb4 Rd2 41. Kg2 Kg6 42. Kf3 h5 43. Rxa4 Rxb2 44. Rb4 Ra2 45. Rb3 Kf5 46. g4+ hxg4+ 47. hxg4+ Ke5 48. Ke3 Rc2 49. Rb5+ Kf6 50. Rb3 Rc4 51.
f3 Ke6 52. Kd3 Rf4 53. Kc2 Rc4+ 54. Rc3 Rf4 55. Kb3 Kd5 56. a4 Rf7 57. a5 Kd4 58.
Kc2 Ra7 59. Ra3 Ra6 60. Kd2 Kc4 61. Ke3 Kb4 62. Ra1 Re6+ 63. Kd4 Kb5 64. a6 Re8 65. a7 Ra8 66. Ke5 Kc4 67. Kf6 Kd3 68. Kxg5 Ke3 69.
Ra3+ Kd4 70. Kf6 Rf8+ 71. Ke7 Ra8 72. Kd7 Ke5 73. Kc7 Kf4 74. Kb7 1-0

[Event "*** Titled Tuesday 3|2 Blitz"]
[Site "Chess.com"]
[Date "2016.06.07"]
[Round "4"]
[White "aspired"]
[Black "Keranke"]
[Result "0-1"]
[WhiteElo "2505"]
[BlackElo "2575"]
[TimeControl "180+2"]
[EndTime "11:51:24 PDT"]
[Termination "Keranke won by resignation"]

1. e4 c5 2. Nf3 g6 3. d4 cxd4 4. Qxd4 Nf6 5. Nc3 Nc6 6. Qa4 d6 7. e5 dxe5 8. Nxe5 Bd7 9. Nxd7 Qxd7 10. Be3 Bg7 11. Rd1 Qc8 12. Be2 O-O 13. O-O a6 14. Qh4 b5 15. Bh6 Qf5 16. Bxg7 Kxg7 17. Bd3 Qc5 18.
Ne4 Nxe4 19. Qxe4 Rac8 20. c3 Ne5 21. Bb1 e6 22. Rd4 Nc4 23. Qe2 Rfd8 24. Rfd1 Rxd4 25.
Rxd4 b4 26. Bd3 Nxb2 27. Rxb4 Nxd3 28. Qxd3 Qxc3 29. Qxc3+ Rxc3 30. g3 Ra3 31. Rb2 g5 32. h3 h5 33. Kg2 g4 34. hxg4 hxg4 35. Re2 Kf6 36. Kh2 e5 37. Kg2 Kf5 38. Rb2 f6 39. Rc2 Ke4 40. Rc4+ Kf5 41. Rc2 Kg5 42. Re2 Ra5 43. Rb2 f5 44. Rc2 f4 45. gxf4+ exf4 46.
Rd2 Kh4 47. Rb2 f3+ 48. Kh2 Ra4 49. Rc2 g3+ 50. fxg3+ Kg4 51. Rc8 Rxa2+ 52. Kg1 Kxg3 53. Rg8+ Kf4 54. Kf1 a5 55. Rf8+ Ke4 56. Re8+ Kd4 57.
Rd8+ Kc4 58. Rc8+ Kb4 59. Rf8 Rc2 60. Rf4+ Kb3 61. Rxf3+ Rc3 62. Rf8 a4 63. Ke2 Kc2 64. Ra8 a3 65. Ra7 Rb3 66. Rc7+ Kb2 67. Kd2 a2 68.
Rc2+ Ka3 69. Rc8 a1=Q 0-1

[Event "*** Titled Tuesday 3|2 Blitz"]
[Site "Chess.com"]
[Date "2016.06.07"]
[Round "4"]
[White "NewBornNow"]
[Black "Indianlad"]
[Result "1-0"]
[WhiteElo "2560"]
[BlackElo "2524"]
[TimeControl "180+2"]
[EndTime "11:51:29 PDT"]
[Termination "NewBornNow won by resignation"]

1. e4 c6 2. d4 d5 3. e5 Bf5 4. Nf3 e6 5. Be2 h6 6. O-O Ne7 7. Nbd2 Nd7 8. Nb3 a5 9. a4 g5 10. Ne1 Bg7 11. Nd3 b6 12. f4 Qc7 13. Be3 gxf4 14.
Nxf4 O-O-O 15. Nh5 Rdg8 16. Rc1 Bg6 17. Nf6 Bxf6 18.
exf6 Nf5 19. Bf4 e5 20. dxe5 Nxe5 21. Nd4 Nh4 22. g3 Be4 23. c4 Nhg6 24. cxd5 Nxf4 25. Rxf4 Bxd5 26. Nb5 Qd8 27. Qd4 Ng6 28. Rf5 Kb7 29.
Rxd5 Qxd5 30. Nd6+ Ka7 31. Qxd5 cxd5 32. Rc7+ Kb8 33.
Rxf7 Rd8 34. Rb7+ Ka8 35. Rxb6 Ne5 36. Nb5 d4 37. Re6 d3 38. Rxe5 dxe2 39. Rxe2 Kb7 40. Kg2 Kc6 41. Kh3 Rhf8 42. Re6+ Kd5 43. Ra6 Ke5 44.
Rxa5 Rxf6 45. Nc3+ Kd4 46. Rb5 Kc4 47. Rb7 Rf2 48. a5 Rdd2 49. a6 Rxh2+ 50. Kg4 Rxb2 51. Rxb2 Rxb2 52. a7 Kxc3 53. a8=Q Rh2 54. Qf3+ Kd2 55. Kf4 Ke1 56. Ke3 h5 57. Qf6 Re2+ 58. Kd3 Rd2+ 59.
Kc3 Rh2 60. Qf3 Re2 61. Qxh5 Re3+ 62. Kd4 Rxg3 63. Qh2 Rf3 64. Ke4 Rf2 65. Qg3 Ke2 66. Qd3+ Ke1 67. Qb1+ Ke2 68. Qc1 Rf1 69. Qc2+ Ke1 70.
Ke3 1-0

[Event "*** Titled Tuesday 3|2 Blitz"]
[Site "Chess.com"]
[Date "2016.06.07"]
[Round "4"]
[White "DiamondCrusher22"]
[Black "norwaytoadog"]
[Result "1-0"]
[WhiteElo "1846"]
[BlackElo "2036"]
[TimeControl "180+2"]
[EndTime "11:51:33 PDT"]
[Termination "DiamondCrusher22 won on time"]

1. e4 e5 2. Nf3 Nc6 3. Bb5 a6 4.
Ba4 Nf6 5. O-O Be7 6. Re1 b5 7. Bb3 d6 8. c3 O-O 9. d4 Bg4 10. d5 Na5 11. Bc2 c6 12. h3 Bc8 13. dxc6 Qc7 14. Nbd2 Qxc6 15. Nf1 h6 16. Ng3 Be6 17. a4 Nc4 18. Nh4 Rfe8 19. Nhf5 Bf8 20. Qf3 Nh7 21. Qg4 Kh8 22. Qf3 d5 23. axb5 axb5 24. Rxa8 Qxa8 25. exd5 Bxd5 26. Qd3 Nf6 27. b3 Bxg2 28. bxc4 Bxh3 29.
Ne3 bxc4 30. Qxc4 Ng4 31. Be4 Nxe3 32. Bxe3 Qc8 33. Qxc8 Rxc8 34. Rc1 Bb4 35. c4 Be6 36. c5 g6 37. Bd3 f5 38. Bxh6 e4 39. Be2 Rxc5 40. Rxc5 Bxc5 41. Kg2 Kh7 42. Bf4 Kg7 43. Be5+ Kf7 44. f4 exf3+ 45. Bxf3 g5 46. Ne2 g4 47. Bc6 Be3 48. Kg3 Bc5 49. Nf4 Be7 50.
Bb5 Bg5 51. Nxe6 Kxe6 52. Bg7 Be7 53. Bc4+ Kd7 54. Kf4 Bd6+ 55. Kxf5 g3 56. Bf1 Bc7 57.
Bg2 Bd6 58. Bd4 Bc7 59. Ke4 Bd6 60. Kd5 Bc7 61. Bc5 Bf4 62. Bd4 Bc7 63. Bf6 Bf4 64. Bh3+ Ke8 65. Ke6 Bc7 66. Bg5 Kf8 67. Bf6 Ke8 68. Bg2 Kf8 69. Be4 Kg8 70. Bd4 Bf4 71.
Kf5 Bd6 72. Kg6 Be7 73. Bg7 1-0

[Event "*** Titled Tuesday 3|2 Blitz"]
[Site "Chess.com"]
[Date "2016.06.07"]
[Round "4"]
[White "Malev212"]
[Black "gmsakk"]
[Result "1-0"]
[WhiteElo "2245"]
[BlackElo "2534"]
[TimeControl "180+2"]
[EndTime "11:51:37 PDT"]
[Termination "Malev212 won by resignation"]

1. Nf3 c5 2. g3 Nc6 3. Bg2 g6 4. O-O Bg7 5. c4 d6 6. Nc3 Bf5 7. d3 Qd7 8. a3 Bh3 9. Bd2 Nf6 10. Rb1 Bxg2 11. Kxg2 O-O 12. b4 b6 13. e4 e6 14.
b5 Ne5 15. Ne1 Qb7 16. f4 Ned7 17. Qf3 Rfd8 18. a4 Rab8 19. Nc2 Nf8 20. Ne3 Ne8 21. g4 Qe7 22. f5 Nd7 23. Qh3 Ne5 24. Ned1 Qb7 25.
Kg1 d5 26. fxe6 dxc4 27. exf7+ Nxf7 28. Nd5 Rxd5 29. exd5 Qxd5 30. Bf4 Rd8 31. Ne3 Qxd3 32. Rbd1 Qe4 33. Rxd8 Nxd8 34. Qf3 Qxf3 35. Rxf3 c3 36. Nd5 Bd4+ 37. Kf1 Ne6 38. Bh6 c2 39. Bc1 Nd6 40. Ke2 Nc4 41. Rf1 Kg7 42. h3 Nb2 43. Kd2 Nxa4 44.
Kxc2 c4 45. Re1 Nac5 46. Ba3 h5 47. g5 Nxg5 48. Re7+ Kh6 49. Bc1 h4 50. Rxa7 Kh5 51.
Nf4+ Kh6 52. Nd5 Kh5 53. Ra8 Nge6 54. Nxb6 g5 55. Nd5 g4 56. hxg4+ Kxg4 57. b6 Kf3 58. Ra3+ Ke4 59. Ne7 Be5 60. Rh3 Bg3 61. Ng6 Kf5 62. Nxh4+ Kg4 63. Rxg3+ Kxg3 64. Nf5+ Kf3 65.
Nd6 Nd7 66. Nxc4 Ke4 67. Kc3 Kd5 68. Kb4 Kc6 69. Be3 Nf6 70. Na5+ Kd7 71. Kb5 Nd5 72. b7 Kc7 73. Ba7 Nc3+ 74. Kc4 1-0

[Event "*** Titled Tuesday 3|2 Blitz"]
[Site "Chess.com"]
[Date "2016.06.07"]
[Round "4"]
[White "kpio91"]
[Black "FairChess_on_YouTube"]
[Result "0-1"]
[WhiteElo "2516"]
[BlackElo "2713"]
[TimeControl "180+2"]
[EndTime "11:51:45 PDT"]
[Termination "FairChess_on_YouTube won by resignation"]

1. e4 c6 2. c4 g6 3. Nc3 Bg7 4. g3 a6 5. a4 c5 6. Bg2 Nc6 7. Nge2 d6 8. O-O e6 9. d3 Nge7 10. Be3 Nd4 11. Rb1 Nec6 12. h3 O-O 13. g4 f5 14. g5 e5 15. f4 Kh8 16. Kh1 Be6 17. Nd5 fxe4 18. dxe4 Nxe2 19. Qxe2 exf4 20. Bxf4 Nd4 21. Qe3 Be5 22. Bxe5+ dxe5 23. Rxf8+ Qxf8 24. Rf1 Qg7 25. Nf6 Rf8 26. Qg3 Qc7 27. Nd5 Rxf1+ 28. Bxf1 Bxd5 29. cxd5 Kg7 30. Kg2 b5 31. axb5 axb5 32.
Qf2 Qe7 33. h4 c4 34. Be2 h6 35. gxh6+ Kxh6 36. Bg4 Kg7 37. Qg3 b4 38. h5 Qg5 39.
d6 gxh5 40. d7 hxg4 41. d8=Q Qxd8 42. Qxg4+ Kf7 43. Qh5+ Ke6 44. Qg6+ Qf6 45. Qe8+ Qe7 46. Qc8+ Kf6 47. Qxc4 Qg7+ 48. Kf2 Qf7 49. Qc8 Kg5+ 50.
Ke1 Kf4 51. b3 Kxe4 52. Qg4+ Kd5 53. Qc8 Ke4 54. Qg4+ Qf4 55. Qg6+ Kd5 56. Qg8+ Kd6 57. Qd8+ Ke6 58. Qe8+ Kf5 59. Qf7+ Kg4 60. Qg6+ Kf3 61.
Qh5+ Ke3 62. Qh3+ Nf3+ 63. Kf1 Ke4 64. Qh7+ Qf5 65. Qb7+ Kf4 66. Qxb4+ Nd4 67. Qb7 Ke3+ 68. Kg1 Ne2+ 69. Kh2 Qh5+ 0-1

[Event "*** Titled Tuesday 3|2 Blitz"]
[Site "Chess.com"]
[Date "2016.06.07"]
[Round "4"]
[White "MateusViageiro"]
[Black "Boorchess"]
[Result "1/2-1/2"]
[WhiteElo "2295"]
[BlackElo "2359"]
[TimeControl "180+2"]
[EndTime "11:52:38 PDT"]
[Termination "Game drawn by agreement"]

1. e4 c5 2. Nf3 Nc6 3. d4 cxd4 4. Nxd4 e5 5. Nb5 d6 6. c4 Be7 7. N1c3 a6 8. Na3 Nf6 9. Be2 O-O 10. Bg5 Be6 11. O-O Nxe4 12. Nxe4 Bxg5 13. Nxg5 Qxg5 14.
Qxd6 Nd4 15. Rfe1 Bh3 16. g3 Rad8 17. Qb6 Qd2 18. Bh5 g6 19. Rxe5 gxh5 20. Qf6 h6 21.
Rae1 Bg4 22. R5e3 Qxb2 23. Qxh6 Ne6 24. h3 Qg7 25. Qxg7+ Kxg7 26. hxg4 hxg4 27. Re4 Rd4 28. Nc2 Rd2 29. Rxg4+ Kf6 30. Ne3 Rxa2 31. Nd5+ Kf5 32. Ne3+ Ke5 33. Rd1 b5 34. Rd5+ Kf6 35. cxb5 axb5 36.
Rxb5 Rd8 37. Rf5+ Ke7 38. Nd5+ Kf8 39. Nf6 Ng7 40. Rfg5 Ne6 41. Rg8+ Ke7 42. Rxd8 Nxd8 43. Ne4 f5 44. Rg7+ Kf8 45. Rd7 Nf7 46. Nd6 Nxd6 47.
Rxd6 Kf7 48. Kg2 Ra4 49. Kf3 Rb4 50. Rc6 Ra4 51. Rb6 Rc4 52. Kg2 Ra4 53. Kh3 Ra2 54.
f4 Ra8 55. Rh6 Kg7 56. Rc6 Rh8+ 57. Kg2 Ra8 58. Kh3 Rh8+ 59. Kg2 Ra8 60. Rd6 Rb8 61. Rc6 Ra8 62. Kf3 Ra3+ 63. Kg2 Ra8 64. Re6 Rb8 65. Kf3 Rb3+ 66. Re3 Rb1 67. Ra3 Rb6 68. Ke3 Kf6 69. Kd4 Re6 70. Re3 Rd6+ 71. Kc5 Rd1 72. Rc3 Kg6 73. Re3 Kh5 74. Re8 Kg4 75. Rg8+ Kf3 76.
Rg5 Ke4 77. g4 Kxf4 78. Rxf5+ Kxg4 79. Rd5 1/2-1/2

[Event "*** Titled Tuesday 3|2 Blitz"]
[Site "Chess.com"]
[Date "2016.06.07"]
[Round "4"]
[White "biostatistician"]
[Black "Iball95"]
[Result "1-0"]
[WhiteElo "2310"]
[BlackElo "2456"]
[TimeControl "180+2"]
[EndTime "11:52:40 PDT"]
[Termination "biostatistician won by resignation"]

1. d4 d5 2. Nf3 Nf6 3. c4 c6 4.
cxd5 cxd5 5. Nc3 Nc6 6. Bf4 Bf5 7. e3 a6 8. Bd3 Bxd3 9. Qxd3 e6 10. O-O Bd6 11.
Bxd6 Qxd6 12. Na4 O-O 13. Nc5 Rfb8 14. Rfc1 Nd7 15. Nxd7 Qxd7 16. Rc5 b6 17. Rc3 Nb4 18. Qd2 a5 19. Ne5 Qe8 20. Rc7 f6 21. Nd7 Rc8 22. Qc3 Na6 23. Rxc8 Rxc8 24. Qd3 Nb4 25. Qb5 Rc6 26.
Nxf6+ gxf6 27. Qe2 Rc2 28. Qg4+ Kh8 29. a3 Nd3 30. Qd1 Qc6 31. Qxd3 Rc1+ 32. Rxc1 Qxc1+ 33. Qf1 Qxb2 34. a4 Qb3 35. Qa1 b5 36. axb5 Qxb5 37.
h4 a4 38. Qc3 Qc4 39. Qa5 Kg7 40. Qa7+ Kg6 41. Qe7 Qc6 42. g4 e5 43. Kg2 exd4 44. exd4 Qc8 45. h5+ Kg5 46. Qg7+ Kf4 47. Kh3 a3 48.
Qxf6+ Ke4 49. Qe5+ Kd3 50. Qxd5 Qc3 51. Qf5+ Kxd4+ 52.
Kh4 Kc4 53. Qc8+ Kb3 54. Qb7+ Kc2 55. Qxh7+ Kb2 56. Qb7+ Qb3 57. Qg7+ Kc2 58. h6 a2 59.
h7 Qf3 60. h8=Q Qxf2+ 61. Kg5 Qe3+ 62. Kf5 Qf3+ 63. Ke5 Qe3+ 64. Kd5 Qb3+ 65. Kc5 Qa3+ 66. Kb5 Qb3+ 67. Ka5 Qa3+ 68. Kb6 Qb4+ 69. Kc7 Qc5+ 70. Kd7 Qd5+ 71. Ke7 Qc5+ 72. Kf7 Qd5+ 73. Kg6 Qe4+ 74. Kh5 Qh1+ 75. Kg5 Qd5+ 76. Kf4 Qd2+ 77. Kf3 Qd1+ 78.
Kf2 Qd2+ 79. Kg3 Qe3+ 80. Kh4 Qf2+ 81. Kh5 Qh2+ 82. Kg6 Qd6+ 83. Qf6 a1=Q 84. Qc8+ Kb3 85. Qb7+ Ka2 86. Qa7+ Kb3 87. Qxa1 Qd3+ 88. Qf5 Qd6+ 89. Qaf6 Qc7 1-0